 Dungeon Crawl Stone Soup version 0.30.1-11-g7821555f0a (webtiles) character file.

Game seed: 5955760126987729297

3190 Okkudo the Cleaver (level 9, -4/84 HPs)
             Began as a Hill Orc Monk on Dec 7, 2023.
             Was a Believer of Beogh.
             Shot with an arrow by a centaur (8 damage)
             ... on level 8 of the Dungeon.
             The game lasted 00:18:27 (6129 turns).

Okkudo the Cleaver (Hill Orc Monk)                  Turns: 6129, Time: 00:18:27

Health: -4/84      AC:  8    Str: 18    XL:     9   Next: 96%
Magic:  12/12      EV: 11    Int: 10    God:    Beogh [**....]
Gold:   407        SH: 11    Dex: 25    Spells: 8/8 levels left

rFire   . . .        r - +0 war axe
rCold   . . .        F - +0 kite shield
rNeg    . . .        d - +2 ring mail {Will+}
rPois   .            m - +0 helmet
rElec   .            (no cloak)
rCorr   .            (no gloves)
SInv    .            (no boots)
Will    +....        y - amulet of faith
Stlth   +            j - +6 ring of dexterity
HPRegen 0.34/turn    G - +6 ring of dexterity
MPRegen 0.13/turn

%: faith
@: no status effects
A: no striking features
a: Renounce Religion, Smiting


You were on level 8 of the Dungeon.
You worshipped Beogh.
Beogh was pleased with you.
You visited 1 branch of the dungeon, and saw 8 of its levels.

You collected 498 gold pieces.
You spent 91 gold pieces at shops.

Inventory:

Hand Weapons
 r - a +0 war axe (weapon)
Armour
 a - the +3 leather armour "Joupi" {rPois rN+ Str+2 Dex+8}
   (You found it on level 5 of the Dungeon)

   Str:       It affects your strength (+2).
   Dex:       It affects your dexterity (+8).
   rPois:     It protects you from poison.
   rN:        It protects you from negative energy.
 d - a +2 ring mail of willpower (worn)
 m - a +0 helmet (worn)
 v - a +0 chain mail
 F - a +0 kite shield (worn)
Jewellery
 j - a +6 ring of dexterity (left hand)
 o - an amulet of the acrobat
 t - a ring of protection from fire
 y - an amulet of faith (around neck)
 A - a ring of magical power
 C - a +6 ring of intelligence
 G - a +6 ring of dexterity (right hand)
Wands
 u - a wand of mindburst (13)
Scrolls
 b - 2 scrolls of noise
 e - 5 scrolls of vulnerability
 f - 3 scrolls of poison
 l - 3 scrolls of teleportation
 n - 3 scrolls of fog
 p - a scroll of brand weapon
 q - 2 scrolls of magic mapping
 w - a scroll of immolation
 D - a scroll of amnesia {unknown}
Potions
 c - 3 potions of degeneration {unknown}
 g - a potion of flight {unknown}
 h - a potion of heal wounds
 i - a potion of mutation {unknown}
 k - 3 potions of haste {unknown}
 s - 2 potions of might
 x - 4 potions of magic {unknown}
 z - 2 potions of brilliance {unknown}
 B - a potion of invisibility {unknown}
 E - 3 potions of curing
 H - a potion of ambrosia


   Skills:
 + Level 9.5 Fighting
 * Level 13.9 Axes
 - Level 2.4 Dodging
 + Level 3.5 Shields
 + Level 4.3 Invocations


You had 8 spell levels left.
You didn't know any spells.
Your spell library contained the following spells:

 Spells                   Type           Power      Damage    Failure   Level
 Frozen Ramparts          Ice            0%         1d1       99%         3
 Ice Form                 Ice/Tmut       0%         N/A       100%        4
 Summon Ice Beast         Ice/Summ       0%         N/A       100%        4


Dungeon Overview and Level Annotations

Branches:
Dungeon (8/15)             Temple (0/1) D:7
   Lair: D:8-11

Altars:
Nemelex Xobeh
Okawaru
Vehumet
Wu Jian

Shops:
D:5 (


Message History

There is a stone staircase leading up here.
You feel much better. The orc closely misses you.
You block the centaur's attack. The centaur kicks you.
The orc wizard gestures wildly while chanting.
The orc wizard flickers and vanishes!
Deactivating autopickup; reactivate with Ctrl-A.
The centaur wields a +0 shortbow.
The centaur shoots an arrow.
The arrow hits you. The centaur attacks as you move away!
The centaur unwields a +0 shortbow.
The centaur hits you but does no damage.
The centaur kicks you but does no damage.
The orc shouts!
The centaur wields a +0 shortbow.
The centaur shoots an arrow.
The arrow hits you.
The orc priest hits you from afar with a +0 trident.
Something hits you. The orc hits you but does no damage.
The orc priest hits you from afar with a +0 trident!
* * * LOW HITPOINT WARNING * * *
Something hits you but does no damage. You block something's attack.
The orc attacks as you move away! You block the orc's attack.
The orc attacks as you move away! You block the orc's attack.
The orc priest hits you from afar with a +0 trident.
* * * LOW HITPOINT WARNING * * *
The orc attacks as you move away! The orc completely misses you.
The orc attacks as you move away! The orc hits you with a +0 flail!
* * * LOW HITPOINT WARNING * * *
The orc priest miscasts a cantrip.
The orc attacks as you move away! You block the orc's attack.
The centaur shoots an arrow.
The arrow hits you!
* * * LOW HITPOINT WARNING * * *
The orc attacks as you move away! The orc barely misses you.
The centaur attacks as you move away!
The centaur unwields a +0 shortbow.
The centaur hits you.
* * * LOW HITPOINT WARNING * * *
The centaur barely misses you.
The centaur wields a +0 shortbow.
The centaur shoots an arrow.
You block the arrow.
The centaur shoots an arrow.
The arrow hits you!
You die...

.. #+### ...
##@..####...
#.o.........
#...........
#....c......
#...{o......
#..o........# #
####.o.##...#
#.####...##...#
#.............#


You could see a centaur, an orc priest and 3 orcs.

Vanquished Creatures
  The ghost of Eryximachus the Gusty, a novice VSCj of Gozag (D:6)
  Grinder (D:3)
  Sigmund (D:3)
  2 steam dragons
  A water moccasin (D:5)
  A sky beast (D:6)
  2 orc warriors (D:6)
  3 ice beasts
  3 ogres
  2 centaurs
  A phantom (D:5)
  A bullfrog (D:7)
  A scorpion (D:5)
  A gnoll sergeant (D:6)
  3 wights (D:7)
  5 quasits (D:6)
  2 hounds (D:5)
  A jelly (D:6)
  An orc priest (D:6)
  A sleepcap (D:6)
  A gnoll bouda (D:5)
  Crazy Yiuf (D:3)
  2 iguanas
  3 orc wizards
  9 adders
  12 gnolls
  5 worms
  2 dart slugs
  10 orcs
  9 ball pythons
  11 endoplasms
  A giant cockroach (D:1)
  8 goblins
  4 hobgoblins
  6 quokkas
  6 bats
  2 frilled lizards (D:2)
  4 kobolds
  5 rats
135 creatures vanquished.

Vanquished Creatures (others)
  An orc priest (D:6)
  An orc wizard (D:6)
  A gnoll (D:6)
  An orc (D:6)
4 creatures vanquished.

Grand Total: 139 creatures vanquished

Notes
Turn   | Place    | Note
-------+----------+-------------------------------------------
     0 | D:1      | Okkudo the Hill Orc Monk began the quest for the Orb.
     0 | D:1      | Reached XP level 1. HP: 19/19 MP: 1/1
    43 | D:1      | Reached XP level 2. HP: 27/27 MP: 2/2
   311 | D:1      | Reached skill level 5 in Axes
   366 | D:1      | Reached XP level 3. HP: 33/33 MP: 3/3
  1078 | D:2      | Reached XP level 4. HP: 41/41 MP: 4/4
  1526 | D:3      | Noticed Grinder
  1708 | D:3      | Paralysed by Grinder for 3 turns
  1721 | D:3      | Paralysed by Grinder for 5 turns
  1743 | D:3      | Paralysed by Grinder for 4 turns
  1751 | D:3      | Killed Grinder
  1752 | D:3      | Reached skill level 5 in Fighting
  1752 | D:3      | Reached skill level 7 in Axes
  1752 | D:3      | Reached XP level 5. HP: 14/48 MP: 5/5
  1752 | D:3      | Reached XP level 6. HP: 16/56 MP: 6/6
  2117 | D:3      | Found a sparkling altar of Nemelex Xobeh.
  2233 | D:3      | Noticed Sigmund
  2266 | D:3      | Killed Sigmund
  2267 | D:3      | Reached skill level 8 in Axes
  2267 | D:3      | Reached XP level 7. HP: 38/63 MP: 7/7
  2640 | D:3      | Found a runed translucent door.
  2641 | D:3      | Noticed Crazy Yiuf
  2653 | D:3      | Killed Crazy Yiuf
  2878 | D:3      | Reached skill level 9 in Axes
  2988 | D:4      | Found an iron altar of Okawaru.
  2988 | D:4      | Found a radiant altar of Vehumet.
  3326 | D:5      | Entered Level 5 of the Dungeon
  3580 | D:5      | Reached skill level 10 in Axes
  3589 | D:5      | Reached XP level 8. HP: 38/73 MP: 8/8
  3750 | D:5      | Found Umyamp's Antique Weapon Shoppe.
  3753 | D:5      | Bought a war axe for 91 gold pieces
  3760 | D:5      | Identified the +3 leather armour "Joupi" {rPois rN+ Str+2
                  | Dex+8}
  4061 | D:5      | Reached skill level 11 in Axes
  4272 | D:6      | Became a worshipper of Beogh the Brigand
  4272 | D:6      | Reached * piety under Beogh
  4272 | D:6      | Reached ** piety under Beogh
  4578 | D:6      | Reached skill level 12 in Axes
  4792 | D:6      | Found an ornate altar of the Wu Jian Council.
  4844 | D:6      | Reached XP level 9. HP: 77/82 MP: 9/9
  4954 | D:6      | Reached skill level 1 in Invocations
  4956 | D:6      | Reached skill level 1 in Shields
  4997 | D:6      | Noticed Eryximachus's ghost (novice VSCj)
  5304 | D:6      | Found a transporter.
  5315 | D:6      | Found a transporter.
  5328 | D:6      | Reached skill level 13 in Axes
  5335 | D:6      | Killed Eryximachus's ghost
  6080 | D:7      | Found a staircase to the Ecumenical Temple.
  6128 | D:8      | HP: 4/84 [centaur (1)]
  6129 | D:8      | Shot with an arrow by a centaur

Illustrated notes

Levels and vault maps discovered:
D:1:      mrwooster_arrival_statue_2, layout_basic, hex_tiny, minmay_domino_4
D:2:      layout_basic, nrook_mini_vaults, st_stairs_8, grunt_ministairs_10
D:3:      layout_basic, nemelex_diamond_rough_becter,
          minmay_randomly_rotated_circles, uniq_crazy_yiuf_cottage,
          uniq_sigmund, uniq_grinder
D:4:      layout_rooms, grunt_temple_overflow_open, minmay_misc_feat_cross
D:5:      layout_cave_pools, serial_shops, nicolae_shop_dealshenge
D:6:      layout_basic, mainiacjoe_overflow_six_doors_small,
          gammafunk_ghost_stat_death, feat_on_display
D:7:      kennysheep_steamy, layout_cave_pools, temple_statues
D:8:      layout_gridville, mainiacjoe_overflow_chevrons, fedhas_altar_2,
          enter_bailey_7, uniq_joseph

Skill      XL: |  1  2  3  4  5  6  7  8  9 |
---------------+----------------------------+-----
Fighting       | 4 5 6 7 8 9 |  9.5
Axes           | 5 7 8 10 12 13 | 13.9
Invocations    | 4 |  4.3
Shields        | 3 |  3.5
Dodging        | |  2.4

Action                     |  1- 3 |  4- 6 |  7- 9 || total
---------------------------+-------+-------+-------++-------
  Melee: Hand axe          |    82 |    97 |    97 ||   276
         War axe           |       |       |   220 ||   220
 Invoke: Convert to Beogh  |       |       |     1 ||     1
  Evoke: Wand              |       |       |     1 ||     1
    Use: Potion            |       |     1 |     4 ||     5
         Scroll            |       |       |     8 ||     8
   Stab: Sleeping          |     1 |       |       ||     1
 Armour: Robe              |    17 |       |       ||    17
         Ring mail         |     6 |    13 |    87 ||   106
         Chain mail        |       |    14 |    42 ||    56
         Leather armour    |       |       |    18 ||    18
  Dodge: Dodged            |    57 |    47 |   252 ||   356
  Block: Kite shield       |       |       |   109 ||   109
